 Dungeon Crawl Stone Soup version 0.27-a0-1200-g94dc6ad (webtiles) character file.

Game seed: 206858139899673792

82 Meow the Sneak (level 4, 30/36 HPs)
             Began as a Naga Venom Mage on May 31, 2021.
             Quit the game on level 3 of the Dungeon.
             The game lasted 00:06:08 (1887 turns).

Meow the Sneak (Naga Venom Mage)                    Turns: 1887, Time: 00:06:09

Health: 30/36      AC:  2    Str: 10    XL:     4   Next: 43%
Magic:  1/8        EV: 10    Int: 16    God:
Gold:   52         SH:  0    Dex: 12    Spells: 2/9 levels left

rFire    . . .     SeeInvis +   a - +4 short sword
rCold    . . .     Faith    .   (no shield)
rNeg     . . .     Spirit   .   b - +0 robe
rPois    +         Reflect  .   (no helmet)
rElec    .         Harm     .   (no cloak)
rCorr    .         Rampage  .   (no gloves)
Will     .....                  (no barding)
Stlth    +++.......             (no amulet)
HPRegen  0.12/turn              (no ring)
MPRegen  0.11/turn              (no ring)

@: short of breath, very slightly contaminated, very slow
A: AC +1, large, see invisible, deformed body, poison resistance, slowness 2,
spit poison 1, naga tail 1
a: Spit Poison


You were on level 3 of the Dungeon.
You visited 1 branch of the dungeon, and saw 3 of its levels.

You collected 52 gold pieces.

Inventory:

Hand Weapons
 a - a +4 short sword (weapon)
 h - a +0 whip
Missiles
 c - 69 stones (quivered)
 i - 16 arrows
 k - 29 sling bullets
Armour
 b - a +0 robe (worn)
Scrolls
 d - a scroll of holy word {unknown}
 e - a scroll of blinking
 f - a scroll of teleportation {unknown}
 j - a scroll of magic mapping {unknown}
Potions
 g - a potion of cancellation {unknown}
 l - a potion of heal wounds {unknown}


   Skills:
 - Level 1.5 Dodging
 * Level 5.0 Stealth
 * Level 3.0 Spellcasting
 + Level 1.4 Conjurations
 - Level 1.0 Transmutations
 - Level 4.0 Poison Magic


You had 2 spell levels left.
You knew the following spells:

 Your Spells              Type           Power      Damage    Failure   Level
a - Sting                 Tmut/Pois      40%        1d5       7%          1
c - Mephitic Cloud        Conj/Pois/Air  8%         N/A       26%         3
C - Ignite Poison         Fire/Tmut/Pois 7%         N/A       28%         3

Your spell library contained the following spells:

 Spells                   Type           Power      Damage    Failure   Level
 Poisonous Vapours        Pois/Air       16%        N/A       12%         2
 Olgreb's Toxic Radiance  Pois           15%        N/A       34%         4


Dungeon Overview and Level Annotations

Branches:
Dungeon (3/15)

Altars:

Annotations:
D:2 Sigmund


Innate Abilities, Weirdness & Mutations

Your serpentine skin is tough. (AC +1)
You have supernaturally acute eyesight. (SInv)
Armour fits poorly on your strangely shaped body.
Your system is resistant to poisons. (rPois)
You cover ground very slowly.
You can spit poison.
You have a snake-like lower body.


Message History

Aim: Jessica, wielding a +0 club and wearing a +0 robe The splash of poison hits Jessica.
Jessica is moderately wounded.
Jessica gestures at you while chanting.
You barely resist.
Unknown command.
You have got your breath back.
Press: ? - help, Shift-Dir - straight line, f/p - Jessica
Aim: Jessica, wielding a +0 club and wearing a +0 robe (lightly wounded)
The splash of poison misses Jessica.
Casting: Mephitic Cloud (extremely dangerous; 28% risk of failure)
Confirm with . or Enter, or press ? or * to list all spells.
Aiming: Sting (safe; 7% risk of failure)
Press: ? - help, Shift-Dir - straight line, f/p - Jessica
Aim: Jessica, wielding a +0 club and wearing a +0 robe (lightly wounded, 71% to hit)
The sting hits Jessica.
Jessica is poisoned.
Jessica is moderately wounded.
Jessica looks very angry.
Jessica hits you with a +0 club.
You closely miss Jessica.
Jessica is moderately wounded.
Jessica barely misses you. Jessica hits you with a +0 club.
Unknown command.
You hit Jessica.
Jessica is severely wounded.
You have got your breath back.
Jessica casts a spell.
Jessica blinks!
Unknown command.
Press: ? - help, Shift-Dir - straight line, f/p - Jessica
Aim: Jessica, wielding a +0 club and wearing a +0 robe (severely wounded, poisoned)
The splash of poison hits Jessica!
Jessica looks even sicker.
You kill Jessica!
Your Stealth skill increases to level 5!
Your Spellcasting skill increases to level 3!
You have reached level 4!
You feel agile.
Things that are here:
a +0 club; a +0 robe Are you sure you want to abandon this character and quit the game? (Confirm with "yes".)

#.. #$# #+# #.#
#.# #.####.# #.#
### #....>.#
####.###.##
#.######
......#...## #.#
...........#####.#
##..............@#
.#...#.....#######
.#...##....#
...<.....#.#
##.........#
....####### .....#
###


There were no monsters in sight!

Vanquished Creatures
  Jessica (D:3)
  2 adders (D:2)
  A worm (D:2)
  5 ball pythons (D:1)
  2 endoplasms (D:1)
  4 goblins
  3 hobgoblins
  2 quokkas (D:1)
  5 bats
  3 frilled lizards
  5 kobolds
  2 rats (D:1)
35 creatures vanquished.

Notes
Turn   | Place    | Note
-------+----------+-------------------------------------------
     0 | D:1      | Meow the Naga Venom Mage began the quest for the Orb.
     0 | D:1      | Reached XP level 1. HP: 15/15 MP: 3/3
   135 | D:1      | Reached XP level 2. HP: 22/22 MP: 3/5
   794 | D:1      | Reached skill level 4 in Stealth
   924 | D:1      | Reached XP level 3. HP: 28/28 MP: 6/6
   928 | D:1      | Learned a level 3 spell: Ignite Poison
   932 | D:1      | Learned a level 3 spell: Mephitic Cloud
  1163 | D:2      | Found a faded altar of an unknown god.
  1188 | D:2      | Reached skill level 1 in Conjurations
  1218 | D:2      | Noticed Sigmund
  1872 | D:3      | Noticed Jessica
  1885 | D:3      | Killed Jessica
  1886 | D:3      | Reached skill level 5 in Stealth
  1886 | D:3      | Reached XP level 4. HP: 30/36 MP: 1/8
  1887 | D:3      | Quit the game

Illustrated notes

Levels and vault maps discovered:
D:1:      dpeg_arrival_rooms_c, layout_basic
D:2:      layout_basic, shapermc_ecumenical_altar_venn, uniq_sigmund
D:3:      layout_loops_corners, serial_shops, shop,
          minmay_fractal_squares_gapless_5, uniq_jessica

Skill      XL: |  1  2  3 |
---------------+----------+-----
Stealth        | 4 5 |  5.0
Conjurations   | 1 |  1.4
Spellcasting   | 3 |  3.0
Dodging        | |  1.5
Transmutations | |  1.0
Poison Magic   | |  4.0

Action                   |  1- 3 |  4- 6 || total
-------------------------+-------+-------++-------
Melee: Whip              |     3 |       ||     3
       Short sword       |     3 |       ||     3
Throw: Stone             |    15 |       ||    15
 Cast: Sting             |    21 |       ||    21
 Abil: Spit Poison       |    41 |       ||    41
  Use: Scroll            |     1 |       ||     1
Armor: Robe              |     3 |       ||     3
Dodge: Dodged            |    17 |       ||    17

Table legend: (Time is in decaauts)
 A = Elapsed time spent in this place.
 B = Non-inter-level travel time spent in this place.
 C = Inter-level travel time spent in this place.
 D = Time resting spent in this place.
 E = Time spent auto-exploring this place.
 F = Levels seen in this place.
 G = Mean time per level.
                   A        B        C        D        E       F      G
               +--------+--------+--------+--------+--------+-----+--------+
         Total |   2385 |   2322 |     63 |    471 |   1222 |   3 |  795.0 |
       Dungeon |   2385 |   2322 |     63 |    471 |   1222 |   3 |  795.0 |
               +--------+--------+--------+--------+--------+-----+--------+

Top non-repeatable levels by time:
     D:1: 1448 daAuts
     D:2: 559 daAuts
     D:3: 377 daAuts
